 Dungeon Crawl Stone Soup version 0.26-b1-32-g5d43845318 (webtiles) character file.

Game seed: 17846057680955869727

1561 Borgoz the Cudgeller (level 8, -4/67 HPs)
             Began as a Ghoul Gladiator on Jan 13, 2021.
             Was a Believer of Okawaru.
             Slain by a yak (11 damage)
             ... on level 6 of the Dungeon.
             The game lasted 00:04:54 (6154 turns).

Borgoz the Cudgeller (Ghoul Gladiator)              Turns: 6154, Time: 00:04:55

Health: -4/67      AC:  9    Str: 18    XL:     8   Next: 89%
Magic:  7/7        EV: 13    Int:  3    God:    Okawaru [**....]
Gold:   381        SH:  0    Dex: 12    Spells: 7/7 levels left

rFire    . . .     SeeInvis +   s - +0 morningstar
rCold    + + .     Faith    .   (no shield)
rNeg     + + +     Spirit   .   n - +0 ring mail
rPois    ∞         Reflect  .   f - +0 helmet
rElec    .         Harm     .   (no cloak)
rCorr    .         Rampage  .   o - +1 pair of gloves
Will     .....                  (no boots)
Stlth    +.........             (no amulet)
HPRegen  0.00/turn              q - ring of protection from cold
MPRegen  0.10/turn              v - ring of see invisible

@: brilliant
A: claws 1, cold resistance 1, negative energy resistance 3, inhibited
regeneration, torment resistance, unbreathing
a: Renounce Religion, Heroism


You were on level 6 of the Dungeon.
You worshipped Okawaru.
Okawaru was pleased with you.
You visited 2 branches of the dungeon, and saw 7 of its levels.

You collected 381 gold pieces.

Inventory:

Hand Weapons
 s - a +0 morningstar (weapon)
Armour
 f - a +0 helmet (worn)
 n - a +0 ring mail (worn)
 o - a +1 pair of gloves (worn)
Jewellery
 q - a ring of protection from cold (left hand)
 v - a ring of see invisible (right hand)
Wands
 u - a wand of disintegration (20)
 w - a wand of flame (12)
Scrolls
 a - a scroll of blinking {unknown}
 g - 3 scrolls of remove curse
 i - 2 scrolls of immolation {unknown}
 k - 2 scrolls of teleportation {unknown}
 m - 3 scrolls of identify {unknown}
 r - a scroll of vulnerability {unknown}
 t - 4 scrolls of magic mapping {unknown}
Potions
 b - a potion of brilliance
 c - a potion of attraction {unknown}
 e - 2 potions of cancellation
 h - a potion of flight {unknown}
 j - 2 potions of degeneration {unknown}
 l - a potion of resistance {unknown}
 p - a potion of lignification {unknown}
 x - a potion of heal wounds {unknown}


   Skills:
 + Level 4.8 Fighting
 * Level 6.0 Maces & Flails
 - Level 1.7 Throwing
 * Level 5.0 Armour
 * Level 5.9 Dodging


You had 7 spell levels left.
You didn't know any spells.
Your spell library contained the following spells:

 Spells                   Type           Power        Failure   Level
 Shock                    Conj/Air       0%           71%         1
 Swiftness                Air            0%           83%         2
 Static Discharge         Conj/Air       0%           97%         3
 Airstrike                Air            0%           100%        4
 Lightning Bolt           Conj/Air       0%           100%        5


Dungeon Overview and Level Annotations

Branches:
Dungeon (6/15)             Temple (1/1) D:4

Altars:
Ashenzari
Cheibriados
Dithmenos
Elyvilon
Fedhas
Gozag
Hepliaklqana
Kikubaaqudgha
Makhleb
Nemelex Xobeh
Okawaru
Qazlal
Ru
Sif Muna
Trog
Uskayaw
Vehumet
Wu Jian
Xom
Yredelemnul
The Shining One

Annotations:
D:4 3 runed translucent doors, p0werm0de's ghost, novice DDFi


Innate Abilities, Weirdness & Mutations

You thrive by killing the living.
You are immune to poison.
You have sharp fingernails.
Your flesh is cold resistant. (rC+)
You are immune to negative energy. (rN+++)
You do not regenerate when monsters are visible.
You are immune to unholy pain and torment.
You can survive without breathing.


Message History

You puncture the yak!
The yak is moderately wounded.
The yak closely misses you. The yak gores you!
* * * LOW HITPOINT WARNING * * *
Okay, then.
It was a potion of cancellation.
You feel magically purged. The yak gores you but does no damage.
Okay, then.
Throw: throwing net
Press: ? - help, Q - select action, (/) - cycle Shift-Dir - straight line, f - yak
Aim: a yak (moderately wounded)
You throw a throwing net.
The throwing net closely misses the yak.
The throwing net barely misses the yak.
The yak closely misses you.
Unknown command.
It was a potion of brilliance.
You feel clever all of a sudden. The yak gores you!
You die...

# # ###### #########
.....# #.......# ####.#
#.......# #.# #.......#
# #.# #.......# ...
#.###.......####.....
#.#..........@YY....(
####.#.############.....
.....#.# ### ###..#.#
.....#.# ##...#.#
#.###.# #.....# #######


You could see 2 yaks.

Vanquished Creatures
  2 yaks (D:6)
  2 sky beasts
  3 centaurs
  A phantom (D:6)
  A bullfrog (D:6)
  2 scorpions
  3 hounds (D:4)
  A bullfrog skeleton (D:5)
  Jessica (D:2)
  Ijyb (D:4)
  6 worker ants
  2 hound skeletons
  7 gnolls (D:4)
  A howler monkey skeleton (D:5)
  10 adders
  An ooze (D:2)
  3 worms
  A dart slug (D:3)
  2 leopard geckos (D:3)
  10 orcs
  5 giant cockroaches
  9 hobgoblins
  A quokka (D:6)
  2 ball pythons (D:2)
  A ball python zombie (D:3)
  6 bats
  4 frilled lizards
  7 goblins
  A jackal skeleton (D:5)
  6 kobolds
  A leopard gecko skeleton (D:6)
  14 rats
117 creatures vanquished.

Vanquished Creatures (others)
  2 fungi (D:4)
2 creatures vanquished.

Grand Total: 119 creatures vanquished

Notes
Turn   | Place    | Note
-------+----------+-------------------------------------------
     0 | D:1      | Borgoz the Ghoul Gladiator began the quest for the Orb.
     0 | D:1      | Reached XP level 1. HP: 17/17 MP: 0/0
   312 | D:1      | Reached XP level 2. HP: 25/25 MP: 1/1
   982 | D:2      | Reached skill level 3 in Maces & Flails
  1071 | D:2      | Reached skill level 1 in Armour
  1167 | D:2      | Reached XP level 3. HP: 30/30 MP: 2/2
  1437 | D:2      | Noticed Jessica
  1460 | D:2      | Killed Jessica
  1461 | D:2      | Reached XP level 4. HP: 24/37 MP: 3/3
  2758 | D:3      | Reached XP level 5. HP: 37/42 MP: 4/4
  3096 | D:3      | Noticed a centaur
  3119 | D:3      | Killed a centaur
  3120 | D:3      | Reached XP level 6. HP: 6/51 MP: 5/5
  3523 | D:3      | Reached skill level 4 in Maces & Flails
  4192 | D:4      | Reached XP level 7. HP: 57/57 MP: 6/6
  4390 | D:4      | Found a staircase to the Ecumenical Temple.
  4415 | Temple   | Entered the Ecumenical Temple
  4520 | Temple   | Became a worshipper of Warmaster Okawaru
  4590 | D:4      | Noticed Ijyb
  4597 | D:4      | Killed Ijyb
  4925 | D:4      | Found a runed translucent gate.
  4925 | D:4      | Found a runed translucent gate.
  4925 | D:4      | Found a runed translucent gate.
  4925 | D:4      | Noticed p0werm0de's ghost (novice DDFi)
  5018 | D:5      | Entered Level 5 of the Dungeon
  5344 | D:5      | Reached skill level 5 in Maces & Flails
  5463 | D:5      | Found a sacrificial altar of Ru.
  5482 | D:5      | Reached skill level 5 in Dodging
  5555 | D:5      | Reached XP level 8. HP: 66/66 MP: 7/7
  5795 | D:6      | Reached * piety under Okawaru
  6121 | D:6      | Noticed a yak
  6122 | D:6      | Noticed a yak
  6122 | D:6      | Noticed a yak
  6122 | D:6      | Noticed a yak
  6143 | D:6      | Killed a yak
  6148 | D:6      | Killed a yak
  6148 | D:6      | Reached ** piety under Okawaru
  6149 | D:6      | Reached skill level 6 in Maces & Flails
  6149 | D:6      | Reached skill level 5 in Armour
  6154 | D:6      | Slain by a yak

Illustrated notes

Levels and vault maps discovered:
D:1:      minmay_arrival_plants_in_alcoves, layout_basic, minmay_strange_pillars
D:2:      layout_basic, kennysheep_generic_room_4, uniq_jessica
D:3:      layout_basic, grunt_ministairs_11, minivault_25
D:4:      layout_loops_corners, minmay_temple_entry_arrows,
          gammafunk_ghost_nasty_kobolds, uniq_ijyb
D:5:      layout_loops_ring, grunt_ministairs_10, lemuel_altar_in_water
D:6:      layout_basic, uniq_sigmund
Temple:   kilobyte_greek_temple

Skill      XL: |  1  2  3  4  5  6  7  8 |
---------------+-------------------------+-----
Dodging        | 3 4 5 |  5.9
Maces & Flails | 3 4 5 6 |  6.0
Armour         | 1 2 3 4 5 |  5.0
Fighting       | 3 4 |  4.8
Throwing       | |  1.7

Action                   |  1- 3 |  4- 6 |  7- 9 || total
-------------------------+-------+-------+-------++-------
Melee: Flail             |   111 |   174 |       ||   285
       Morningstar       |       |    50 |   177 ||   227
Throw: Throwing net      |       |     2 |     1 ||     3
Invok: Heroism           |       |       |     1 ||     1
  Use: Scroll            |     2 |       |       ||     2
       Potion            |       |       |     2 ||     2
 Stab: Held in net/web   |       |     1 |       ||     1
Armor: Leather armour    |    25 |       |       ||    25
       Ring mail         |    10 |   107 |    54 ||   171
Dodge: Dodged            |    78 |   178 |   132 ||   388
